 Dungeon Crawl Stone Soup version 0.29-a0-993-g4a18f31a58 (webtiles) character file.

Game seed: 9205632232934349821

22 Newt the Sneak (level 2, 0/19 HPs)
             Began as an Octopode Brigand on Aug 2, 2022.
             Slain by a hobgoblin (5 damage)
             ... on level 1 of the Dungeon.
             The game lasted 00:00:50 (631 turns).

Newt the Sneak (Octopode Brigand)                    Turns: 631, Time: 00:00:51

Health: 0/19       AC:  1    Str: 10    XL:     2   Next: 91%
Magic:  2/2        EV: 12    Int: 13    God:
Gold:   31         SH:  0    Dex: 13    Spells: 1/1 levels left

rFire   . . .      SeeInvis .   a - +3 dagger
rCold   . . .      Faith    .   (no shield)
rNeg    . . .      Spirit   .   (helmet restricted)
rPois   .          Reflect  .   (no amulet)
rElec   .          Harm     .   (no ring)
rCorr   .          Rampage  .   (no ring)
Will    .....                   (no ring)
Stlth   ++++......              (no ring)
HPRegen 0.06/turn               (no ring)
MPRegen 0.08/turn               (no ring)
                                (no ring)
                                (no ring)

@: no status effects
A: almost no armour, amphibious, 8 rings, camouflage 1, gelatinous body 1,
(nimble swimmer 1), tentacles
a: no special abilities


You were on level 1 of the Dungeon.
You visited 1 branch of the dungeon, and saw 1 of its levels.

You collected 31 gold pieces.

Inventory:

Hand Weapons
 a - a +3 dagger (weapon)
Missiles
 b - 9 poisoned darts (quivered)
 c - 3 curare-tipped darts
Jewellery
 d - a ring of protection from cold
Scrolls
 f - a scroll of fear {unknown}
Potions
 e - a potion of might {unknown}


   Skills:
 + Level 2.1 Fighting
 * Level 2.2 Short Blades
 + Level 2.1 Throwing
 + Level 1.0 Dodging
 + Level 6.2 Stealth


You had one spell level left.
You didn't know any spells.
Your spell library was empty.

Dungeon Overview and Level Annotations

Branches:
Dungeon (1/15)

Altars:


Innate Abilities, Weirdness & Mutations

You cannot wear most types of armour.
You are amphibious.
You can wear up to eight rings at the same time.
Your skin changes colour to match your surroundings (Stealth+).
Your rubbery body absorbs attacks. (AC +1, EV +1)
((You are camouflaged when in or above water. (Stealth+)))
You have tentacles for arms and can constrict up to eight enemies at once.


Message History

There is an open door here.
A frilled lizard comes into view.
A frilled lizard is nearby!
Found a ring mail.
The helpless frilled lizard fails to defend itself.
You impale the frilled lizard!!
You kill the frilled lizard!
No target in view!
No target in view!
Found a robe.
You open the door.
There is an open door here.
Found a hand axe.
A kobold and a rat come into view.
Found a stone staircase leading down.
There are monsters nearby!
An endoplasm comes into view.
Found 6 gold pieces.
The helpless endoplasm fails to defend itself.
You impale the endoplasm!!
You kill the endoplasm!
No target in view!
No target in view!
Found a leather armour.
A hobgoblin comes into view.
Found 3 stones.
The kobold shouts!
The hobgoblin shouts!
Found a bone ring and a scroll labelled LIDEANNOTA.
The kobold hits you with a +0 whip. The rat barely misses you.
You closely miss the kobold. Your grab misses the kobold.
Your squeeze misses the kobold. The kobold hits you with a +0 whip.
The rat bites you.
* * * LOW HITPOINT WARNING * * *
You are too injured to fight recklessly!
You are too injured to fight recklessly!
The kobold throws a stone.
The stone completely misses you. The rat bites you.
* * * LOW HITPOINT WARNING * * *
The hobgoblin hits you.
You die...

#.........#########.#
#.##......+..........
#.##.#..[.#########.# #.
#....#..........# #.# #.
###..###........# #.. #.
#....'........# ###
#.#####.###........#
#........##........# ###
#....Kr@..+......[.+ ...
#####..)..g..##........# ###
.............##........# #..
............$##........###.#
..(..........##.............
.............# .....>...
...........[.# ##.......
=.............# #.......
..............# ########


You could see a hobgoblin, a kobold and a rat.

Vanquished Creatures
  A dart slug (D:1)
  3 bats (D:1)
  3 endoplasms (D:1)
  A giant cockroach (D:1)
  4 goblins (D:1)
  3 hobgoblins (D:1)
  A frilled lizard (D:1)
  2 rats (D:1)
18 creatures vanquished.

Notes
Turn   | Place    | Note
-------+----------+-------------------------------------------
     0 | D:1      | Newt the Octopode Brigand began the quest for the Orb.
     0 | D:1      | Reached XP level 1. HP: 14/14 MP: 1/1
    49 | D:1      | Reached XP level 2. HP: 19/19 MP: 2/2
   170 | D:1      | Reached skill level 6 in Stealth
   631 | D:1      | Slain by a hobgoblin

Illustrated notes

Levels and vault maps discovered:
D:1:      lightli_arrival_boilingwater, layout_basic, kennysheep_doodads,
          corner_web_ring

Skill      XL: |  1  2 |
---------------+-------+-----
Stealth        | 6 |  6.2
Fighting       | |  2.1
Short Blades   | |  2.2
Throwing       | |  2.1
Dodging        | |  1.0

Action                   || total
-------------------------++-------
Melee: Dagger            ||    27
       Tentacles         ||     3
       Constrict         ||     2
       Punch             ||     1
  Use: Scroll            ||     2
 Stab: Sleeping          ||    10
Armor: Skin              ||     2
Dodge: Dodged            ||     8

Table legend: (Time is in decaauts)
 A = Elapsed time spent in this place.
 B = Non-inter-level travel time spent in this place.
 C = Inter-level travel time spent in this place.
 D = Time resting spent in this place.
 E = Time spent auto-exploring this place.
 F = Levels seen in this place.
 G = Mean time per level.
                   A        B        C        D        E       F      G
               +--------+--------+--------+--------+--------+-----+--------+
         Total |    628 |    628 |      0 |      0 |    524 |   1 |  628.0 |
       Dungeon |    628 |    628 |      0 |      0 |    524 |   1 |  628.0 |
               +--------+--------+--------+--------+--------+-----+--------+

Top non-repeatable levels by time:
     D:1: 628 daAuts
